 Seeded DCSS version 0.31-a0-986-g5e6e4ef867 (webtiles) character file.

Game seed: 744733511 (custom seed)

13523 Danienth the Thaumaturge (level 11, -6/66 HPs)
             Began as a Deep Elf Necromancer on Nov 12, 2023.
             Was a High Priest of Lugonu.
             Killed from afar by a red draconian (25 damage)
             ... with a searing blast
             ... in a volcano.
             The game lasted 01:10:37 (12046 turns).

Danienth the Thaumaturge (Deep Elf Necromancer)    Turns: 12046, Time: 01:10:40

Health: -6/66      AC: 10    Str:  7    XL:     11   Next: 76%
Magic:  0/28       EV: 25    Int: 21    God:    Lugonu [*****.]
Gold:   723        SH:  0    Dex: 23    Spells: 14/32 levels left

rFire   . . .        v - +2 falchion of Ynam {drain, Fragile Dex+6}
rCold   . . .        (no shield)
rNeg    . . .        a - +0 robe
rPois   .            N - +2 hat
rElec   .            w - +2 cloak
rCorr   .            (no gloves)
SInv    .            p - +2 pair of boots
Will    +....        n - amulet of guardian spirit
Stlth   +++          e - +5 ring of evasion
HPRegen 0.31/turn    M - +5 ring of evasion
MPRegen 0.21/turn

%: guardian spirit
@: brilliant, animating dead
A: evolution 1, MP-powered wands, noise suppression
a: Renounce Religion, Depart the Abyss, Banish, Corrupt, Enter the Abyss


You were in a volcano.
You worshipped Lugonu.
Lugonu was extremely pleased with you.
You visited 2 branches of the dungeon, and saw 11 of its levels.
You also visited: Bailey and Volcano.

You collected 909 gold pieces.
You spent 186 gold pieces at shops.

Inventory:

Hand Weapons
 f - a +2 short sword of electrocution
 g - a +1 falchion of electrocution
 m - a +1 dagger of draining
 v - the +2 falchion of Ynam (weapon) {drain, Fragile Dex+6}
   (You found it on level 4 of the Dungeon)

   Dex+6:     It affects your dexterity (+6).
   Fragile:   It will be destroyed if unequipped.
 z - a +4 dagger
 J - a +2 short sword of holy wrath
 P - a +2 dagger of protection
 Q - a +6 falchion of holy wrath
Missiles
 q - 20 boomerangs
 G - 12 poisoned darts (quivered)
 U - 2 throwing nets
Armour
 a - a +0 robe (worn)
 p - a +2 pair of boots (worn)
 w - a +2 cloak (worn)
 N - a +2 hat (worn)
Magical Staves
 B - the staff "Lizuam" {rPois rF+ Poison}
   (You found it on level 9 of the Dungeon)

   [staff of poison]

   Base accuracy: +5 Base damage: 5 Base attack delay: 1.2 This weapon's minimum
   attack delay (0.6) is reached at skill level 12.
   rF+:       It protects you from fire.
   rPois:     It protects you from poison Poison: It increases the power of your
   Poison spells.
   It falls into the 'Staves' category.
   It is a one-handed weapon.
Jewellery
 b - a ring of positive energy
 c - a ring of flight
 e - a +5 ring of evasion (left hand)
 n - an amulet of guardian spirit (around neck)
 M - a +5 ring of evasion (right hand)
 Y - a ring of magical power
Wands
 t - a wand of roots (10)
 x - a wand of paralysis (7)
 I - a wand of polymorph (4)
 W - a wand of flame (25)
Scrolls
 d - a scroll of summoning
 j - a scroll of poison
 u - 2 scrolls of teleportation
 A - a scroll of torment
 E - 3 scrolls of blinking
 H - 2 scrolls of fog
 S - a scroll of revelation
Potions
 h - a potion of resistance
 i - 3 potions of lignification
 k - 3 potions of mutation
 l - a potion of might
 o - 2 potions of degeneration
 s - a potion of cancellation
 C - 2 potions of brilliance
 F - a potion of berserk rage
 L - a potion of experience {unknown}
 R - a potion of haste {unknown}
 T - a potion of curing


   Skills:
 + Level 6.8 Fighting
 - Level 10.0 Long Blades
 - Level 2.0 Maces & Flails
 - Level 2.5 Polearms
 - Level 5.0 Dodging
 - Level 3.0 Stealth
 + Level 11.3 Spellcasting
 * Level 4.2 Conjurations
 - Level 4.0 Hexes
 - Level 8.0 Necromancy
 * Level 4.1 Fire Magic
 - Level 1.4 Invocations


You had 14 spell levels left.
You knew the following spells:

 Your Spells              Type           Power      Damage    Failure   Level
a - Necrotise             Necr           100%       1d9       1%          1
b - Vampiric Draining     Necr           62%        2d10      1%          3
c - Animate Dead          Necr           62%        N/A       1%          4
d - Stone Arrow           Conj/Erth      62%        3d10      7%          3
e - Inner Flame           Hex/Fire       43%        N/A       3%          3
f - Flame Wave            Conj/Fire      44%        2d11      10%         4

Your spell library contained the following spells:

 Spells                   Type           Power      Damage    Failure   Level
 Dazzling Flash           Conj/Hex       86%        N/A       3%          3
 Agony                    Necr           62%        N/A       6%          5
 Sticky Flame             Conj/Fire      44%        2d6       10%         4
 Animate Armour           Summ/Erth      34%        N/A       50%         4
 Silence                  Hex/Air        15%        N/A       56%         5
 Lehudib's Crystal Spear  Conj/Erth      15%        10d5      100%        8


Dungeon Overview and Level Annotations

Branches:
Dungeon (10/15)            Temple (0/1) D:7            Lair (0/5) D:8
    Orc (1/2) D:10         Bailey (visited)         Volcano (1/1)

Altars:
Ashenzari
Gozag
Hepliaklqana
Kikubaaqudgha
Okawaru
Trog
Uskayaw
Vehumet
Wu Jian
Xom
Yredelemnul
Zin
Lugonu

Shops:
D:5 ?


Innate Abilities, Weirdness & Mutations

You have hidden genetic potential.
You expend magic power (3 MP) to strengthen your wands.
You passively dampen the noise of your surroundings.


Message History

Casting: Animate Dead (dangerous; 1% risk of failure)
Confirm with . or Enter, or press ? or * to list all spells.
You call upon the dead to rise.
The yaktaur shoots a bolt.
The bolt hits you! The bolt burns you.
Casting: Animate Dead (dangerous; 1% risk of failure)
Confirm with . or Enter, or press ? or * to list all spells.
Aiming: Necrotise (safe; 1% risk of failure)
Press: ? - help, Shift-Dir - straight line, f - red draconian
Aim: a red draconian, wielding a +2 flail of flaming and wearing a +0 cloak (chance to affect: 70%)
Okay, then.
You feel clever all of a sudden.
Casting: Necrotise (safe; 1% risk of failure)
Confirm with . or Enter, or press ? or * to list all spells.
Aiming: Necrotise (safe; 1% risk of failure)
Press: ? - help, Shift-Dir - straight line, f - red draconian
Aim: a red draconian, wielding a +2 flail of flaming and wearing a +0 cloak (chance to affect: 70%)
You feel a surge of power!
The red draconian writhes in agony.
The yaktaur shoots a bolt.
The bolt hits you!! The bolt burns you. The red draconian breathes fire at you.
The searing blast hits you!!
* * * LOW HITPOINT WARNING * * *
The red draconian is engulfed in blazing flames.
The red draconian breathes fire at you. The searing blast hits you!
* * * LOW HITPOINT WARNING * * *
You feel much better.
The yaktaur shoots a bolt.
The bolt hits you!!
* * * LOW HITPOINT WARNING * * *
The bolt burns you.
* * * LOW HITPOINT WARNING * * *
You feel better.
Casting: Necrotise (safe; 1% risk of failure)
Confirm with . or Enter, or press ? or * to list all spells.
Aiming: Necrotise (safe; 1% risk of failure)
Press: ? - help, Shift-Dir - straight line, f/p - red draconian
Aim: a red draconian, wielding a +2 flail of flaming and wearing a +0 cloak (black smoke, lightly wounded, chance to affect: 70%)
You feel a surge of power!
The red draconian struggles to resist.
The red draconian breathes fire at you. The searing blast hits you!!
You die...

#≈§≈....# #§§∩§..##
##≈≈.#.# ####.##
###.## #..#######
##...#...###
#..........
##@..≈≈≈≈≈≈≈
##.°.≈≈≈≈≈≈§§
##.d§≈≈≈≈≈§≈§§
##...≈≈§§≈§§≈≈§
#....§§≈§§§§§§§
####c...≈≈§§≈≈§≈≈≈
#.........§§§≈§§≈≈
#...##.##..§......
#.≈#######.####..##


You could see a red draconian (catching breath) and a yaktaur.

Vanquished Creatures
  A vault guard (Bailey)
  A centaur warrior (D:9)
  A two-headed ogre (D:10)
  Pikel (D:4)
  An orc knight (Orc:1)
  An elephant (D:8)
  2 komodo dragons (D:10)
  An unseen horror (D:8)
  Grinder (D:3)
  A hornet (D:9)
  Sigmund (D:2)
  A shadow (D:10)
  2 wyverns
  A wraith (D:10)
  5 yaks (D:9)
  6 humans
  Menkaure (D:4)
  A steam dragon (D:7)
  2 wargs (Orc:1)
  A water moccasin (D:6)
  7 orc warriors
  2 sky beasts (D:7)
  3 centaurs
  2 ice beasts
  An ogre (Orc:1)
  4 black bears
  A kobold brigand (D:9)
  7 bullfrogs
  3 gnoll sergeants
  A scorpion (D:6)
  A wyvern zombie (D:9)
  2 wights (D:9)
  A warg zombie (Orc:1)
  A yak zombie (D:9)
  11 killer bees
  A howler monkey (D:4)
  3 hounds
  9 orc priests
  A jelly (D:4)
  Jessica (D:2)
  A gnoll bouda (D:4)
  2 sleepcaps
  Crazy Yiuf (D:3)
  3 iguanas
  11 orc wizards
  7 adders
  21 gnolls
  2 orc zombies (Orc:1)
  A shadow imp (D:7)
  A white imp (D:7)
  4 ufetubi (D:6)
  2 worms
  59 orcs
  5 ball pythons
  8 endoplasms
  5 giant cockroaches
  6 hobgoblins
  4 jackals
  2 quokkas
  3 bats
  12 goblins
  4 kobolds
  A kobold skeleton (D:6)
  A kobold zombie (D:6)
  10 rats
  A butterfly (D:5)
271 creatures vanquished.

Vanquished Creatures (collateral kills)
  A vault guard (Bailey)
  An orc sorcerer (Orc:1)
  Prince Ribbit (Bailey)
  2 yaks
  A human (Bailey)
  An ogre (D:5)
  A phantom (D:5)
  A bullfrog (Bailey)
  A scorpion (D:5)
  A wight (D:9)
  2 killer bees
  A jelly (D:5)
  An orc wizard (Orc:1)
  4 gnolls
  A dart slug (D:2)
  4 orcs
  3 endoplasms (D:1)
  A giant cockroach (D:3)
  A goblin (D:1)
  A ball python (D:1)
  A rat (D:1)
  A butterfly (D:5)
32 creatures vanquished.

Vanquished Creatures (others)
  A human (D:8)
  A warg zombie (Orc:1)
  A bullfrog zombie (D:8)
  2 black bear zombies (D:8)
  4 human zombies (Bailey)
  An ice beast zombie (D:6)
  A hound zombie (D:6)
  A howler monkey zombie (D:4)
  20 orc zombies
  5 gnoll zombies (D:8)
  2 kobold zombies (D:9)
39 creatures vanquished.

Grand Total: 342 creatures vanquished

Notes
Turn   | Place    | Note
-------+----------+-------------------------------------------
     0 | D:1      | Danienth the Deep Elf Necromancer began the quest for the
                  | Orb.
     0 | D:1      | Reached XP level 1. HP: 10/10 MP: 6/6
     1 | D:1      | Found a runed translucent door.
   289 | D:1      | Reached XP level 2. HP: 15/15 MP: 5/8
   446 | D:1      | Reached skill level 5 in Necromancy
   631 | D:1      | Found a faded altar of an unknown god.
   641 | D:1      | Prayed at the altar of an unknown god.
   641 | D:1      | Became a worshipper of Lugonu the Unformed
   641 | D:1      | Reached * piety under Lugonu
   898 | D:1      | Reached XP level 3. HP: 19/20 MP: 0/10
  1109 | D:2      | Noticed Jessica
  1117 | D:2      | Killed Jessica
  1118 | D:2      | Reached skill level 1 in Fighting
  1118 | D:2      | Reached skill level 4 in Spellcasting
  1188 | D:2      | Reached ** piety under Lugonu
  1189 | D:2      | Reached XP level 4. HP: 19/25 MP: 6/12
  1349 | D:2      | Noticed Sigmund
  1493 | D:3      | Found an opulent altar of Gozag.
  1534 | D:3      | Reached skill level 1 in Maces & Flails
  1549 | D:3      | Reached XP level 5. HP: 29/30 MP: 5/13
  1732 | D:3      | Found a runed translucent door.
  1733 | D:3      | Noticed Crazy Yiuf
  2155 | D:3      | Noticed Grinder
  2157 | D:3      | Gained mutation: You are occasionally teleported next to
                  | monsters. [potion of mutation]
  2157 | D:3      | Gained mutation: You are strong-willed. (Will+) [potion of
                  | mutation]
  2157 | D:3      | Gained mutation: Your spells are a little harder to cast,
                  | but a little more powerful. [potion of mutation]
  2181 | D:3      | Killed Grinder
  2182 | D:3      | Reached XP level 6. HP: 23/36 MP: 10/14
  2550 | D:3      | Found a hazy altar of Hepliaklqana.
  2633 | D:3      | Learned a level 3 spell: Vampiric Draining
  2638 | D:3      | Learned a level 4 spell: Animate Dead
  2986 | D:4      | Reached XP level 7. HP: 41/41 MP: 13/16
  3444 | D:4      | Reached skill level 5 in Spellcasting
  3444 | D:4      | Reached skill level 1 in Invocations
  3459 | D:4      | Noticed Menkaure
  3466 | D:4      | Killed Menkaure
  3518 | D:4      | Identified the +2 falchion of Ynam {drain, Fragile Dex+6}
  3782 | D:4      | Found a hide-covered altar of Uskayaw.
  3782 | D:4      | Found an iron altar of Okawaru.
  3868 | D:4      | Noticed Pikel
  3883 | D:4      | Paralysed by Pikel for 2 turns
  3892 | D:4      | Killed Pikel
  3893 | D:4      | Reached XP level 8. HP: 28/46 MP: 1/18
  4246 | D:3      | Killed Crazy Yiuf
  4322 | D:2      | Killed Sigmund
  4323 | D:2      | Reached skill level 5 in Long Blades
  4768 | D:5      | Entered Level 5 of the Dungeon
  4790 | D:5      | Reached *** piety under Lugonu
  4791 | D:5      | Found a shimmering altar of Xom.
  4798 | D:5      | Found Rozimirph's Magic Scroll Boutique.
  4986 | D:5      | Bought a scroll of blinking for 82 gold pieces
  4986 | D:5      | Bought a scroll of identify for 22 gold pieces
  4986 | D:5      | Bought a scroll of blinking for 82 gold pieces
  5673 | D:6      | Found a broken altar of Ashenzari.
  5777 | D:6      | Reached XP level 9. HP: 49/51 MP: 11/19
  5801 | D:6      | Reached skill level 6 in Spellcasting
  5806 | D:6      | Reached **** piety under Lugonu
  5978 | D:6      | Found a runed translucent door.
  5981 | D:6      | Found a basalt altar of Yredelemnul.
  6690 | D:7      | Reached skill level 7 in Spellcasting
  6700 | D:7      | Reached skill level 5 in Fighting
  6846 | D:7      | Found a staircase to the Ecumenical Temple.
  7385 | D:8      | Reached skill level 8 in Spellcasting
  7400 | D:8      | Reached XP level 10. HP: 60/60 MP: 22/24
  7564 | D:8      | Found a staircase to the Lair.
  7564 | D:8      | Noticed an elephant
  7610 | D:8      | Killed an elephant
  7615 | D:8      | Reached ***** piety under Lugonu
  8031 | D:8      | Reached skill level 5 in Dodging
  8033 | D:8      | Found a bloodstained altar of Trog.
  8307 | D:8      | Found an ancient bone altar of Kikubaaqudgha.
  8355 | D:8      | Found a glowing silver altar of Zin.
  8580 | D:8      | Found a radiant altar of Vehumet.
  8582 | D:8      | Found an ornate altar of the Wu Jian Council.
  8780 | D:9      | Reached skill level 9 in Spellcasting
  8854 | D:9      | Found a flagged portal.
  8870 | Bailey   | Entered a bailey
  9099 | Bailey   | Reached skill level 10 in Spellcasting
  9110 | Bailey   | Noticed Prince Ribbit
  9124 | Bailey   | Killed Prince Ribbit
  9156 | Bailey   | Noticed a vault guard
  9188 | Bailey   | Killed a vault guard
  9189 | Bailey   | Reached XP level 11. HP: 40/65 MP: 3/27
  9354 | Bailey   | Noticed a vault guard
  9370 | Bailey   | Killed a vault guard
  9671 | D:9      | Identified the staff "Lizuam" {rPois rF+ Poison}
  9712 | D:9      | Reached skill level 10 in Long Blades
  9752 | D:9      | Learned a level 3 spell: Stone Arrow
  9756 | D:9      | Learned a level 3 spell: Inner Flame
  9849 | D:9      | Noticed a centaur warrior
  9861 | D:9      | Reached skill level 1 in Hexes
 10180 | D:9      | Killed a centaur warrior
 10181 | D:9      | Reached skill level 1 in Conjurations
 10181 | D:9      | Reached skill level 1 in Fire Magic
 10381 | D:10     | Entered Level 10 of the Dungeon
 10381 | D:10     | Noticed a two-headed ogre
 10617 | D:10     | Lost mutation: You are occasionally teleported next to
                  | monsters. [potion of mutation]
 10617 | D:10     | Lost mutation: Your spells are a little harder to cast, but
                  | a little more powerful. [potion of mutation]
 10617 | D:10     | Lost mutation: You are strong-willed. (Will+) [potion of
                  | mutation]
 10617 | D:10     | Gained mutation: You have hidden genetic potential. [potion
                  | of mutation]
 10617 | D:10     | Gained mutation: You passively dampen the noise of your
                  | surroundings. [potion of mutation]
 10617 | D:10     | Gained mutation: You expend magic power (3 MP) to
                  | strengthen your wands. [potion of mutation]
 10654 | D:10     | Reached skill level 11 in Spellcasting
 10890 | D:10     | Killed a two-headed ogre
 10998 | D:10     | Learned a level 4 spell: Flame Wave
 11032 | D:10     | Found a staircase to the Orcish Mines.
 11686 | Lair:5   | Identified the "Ifeoceib"
 11686 | Orc:1    | Entered Level 1 of the Orcish Mines
 11876 | Orc:1    | Noticed an orc sorcerer
 11890 | Orc:1    | Paralysed by an orc sorcerer for 5 turns
 11896 | Orc:1    | Killed an orc sorcerer
 11909 | Orc:1    | Noticed an orc knight
 11919 | Orc:1    | Killed an orc knight
 11925 | Orc:1    | Found a dark tunnel.
 11975 | Volcano  | Entered a volcano
 12031 | Volcano  | Noticed a red draconian
 12046 | Volcano  | Killed from afar by a red draconian

Illustrated notes

Levels and vault maps discovered:
D:1:      dpeg_arrival_caged_fury, layout_loops_cross,
          hellmonk_ecumenical_altar_zigzags
D:2:      layout_basic, uniq_sigmund, uniq_jessica
D:3:      minmay_wonky_spiral, layout_basic, lemuel_doored_altar,
          mainiacjoe_overflow_surrounded_room, serial_forest,
          infiniplex_forest_clump_diagonal, infiniplex_forest_lined_2,
          infiniplex_forest_straight_3, infiniplex_forest_straight_5,
          infiniplex_forest_pool, infiniplex_forest_clump_long,
          infiniplex_forest_lined_3, infiniplex_forest_lined_4_way,
          kennysheep_generic_room_9, uniq_crazy_yiuf_cottage, uniq_grinder
D:4:      layout_layer_cave, nicolae_overflow_two_pavilions,
          kennysheep_generic_room_7, uniq_pikel, uniq_menkaure
D:5:      layout_cave_pools, xom_butterflies, serial_shops,
          nicolae_shop_tiny_waterfront, sigmund_army
D:6:      layout_basic, dk_yredelemnul_ordeal, cheibrodos_ashenzari_chains,
          st_stairs_10
D:7:      layout_cave_pools, minmay_temple_entry_grid, kennysheep_doodads
D:8:      layout_basic, tgw_kikubaaqudgha, mainiacjoe_overflow_chevrons,
          mainiacjoe_overflow_large_starburst, zin_statuary, david_lair_generic
D:9:      layout_basic, enter_bailey_5, grunt_tough_drop
D:10:     layout_basic, hiddenorc2_lemuel
Orc:1:    cheibrodos_orc_arena, layout_caves, lightli_volcano_entry_magma_tube
Volcano:  volcano_pools

Skill      XL: |  1  2  3  4  5  6  7  8  9 10 11 |
---------------+----------------------------------+-----
Necromancy     | 5 6 7 8 |  8.0
Stealth        | 3 |  3.0
Dodging        | 3 5 |  5.0
Fighting       | 1 2 3 6 |  6.8
Spellcasting   | 4 5 8 10 11 | 11.3
Maces & Flails | 1 2 |  2.0
Polearms       | 2 |  2.5
Invocations    | 1 |  1.4
Long Blades    | 4 7 9 10 | 10.0
Hexes          | 4 |  4.0
Conjurations   | 4 |  4.2
Fire Magic     | 4 |  4.1

Action                     |  1- 3 |  4- 6 |  7- 9 | 10-12 || total
---------------------------+-------+-------+-------+-------++-------
  Melee: Unarmed           |     4 |       |       |       ||     4
         Spear             |       |    16 |    23 |       ||    39
         Punch             |       |     1 |     3 |     7 ||    11
         Club              |       |     1 |       |       ||     1
         Falchion          |       |       |   225 |   379 ||   604
  Throw: Boomerang         |       |     6 |     8 |     4 ||    18
         Dart              |       |       |       |    29 ||    29
         Throwing net      |       |       |       |     1 ||     1
   Cast: Necrotise         |    55 |    82 |   116 |    83 ||   336
         Vampiric Draining |       |       |     8 |    19 ||    27
         Animate Dead      |       |       |     6 |    17 ||    23
         Inner Flame       |       |       |       |     3 ||     3
    Use: Scroll            |     1 |     3 |     6 |    18 ||    28
         Potion            |     1 |     2 |       |     9 ||    12
   Stab: Sleeping          |       |       |     6 |       ||     6
         Distracted        |       |       |     2 |     4 ||     6
 Armour: Robe              |     8 |    23 |   125 |   213 ||   369
  Dodge: Dodged            |    21 |    45 |   378 |   431 ||   875

Table legend: (Time is in decaauts)
 A = Elapsed time spent in this place.
 B = Non-inter-level travel time spent in this place.
 C = Inter-level travel time spent in this place.
 D = Time resting spent in this place.
 E = Time spent auto-exploring this place.
 F = Levels seen in this place.
 G = Mean time per level.
                   A        B        C        D        E       F      G
               +--------+--------+--------+--------+--------+-----+--------+
         Total |  12038 |  11505 |    533 |    933 |   8247 |  13 |  926.0 |
       Dungeon |  11070 |  10544 |    526 |    758 |   7793 |  10 | 1107.0 |
  Orcish Mines |    294 |    288 |      6 |     55 |    127 |   1 |  294.0 |
        Bailey |    603 |    603 |      0 |    120 |    272 |   1 |  603.0 |
       Volcano |     69 |     69 |      0 |      0 |     55 |   1 |   69.0 |
               +--------+--------+--------+--------+--------+-----+--------+

Top non-repeatable levels by time:
     D:3: 1644 daAuts
     D:4: 1361 daAuts
    D:10: 1309 daAuts
     D:8: 1265 daAuts
     D:1: 1127 daAuts
     D:9: 1118 daAuts
     D:6: 1063 daAuts
     D:5: 809 daAuts
     D:7: 725 daAuts
     D:2: 644 daAuts
  Bailey: 603 daAuts
   Orc:1: 294 daAuts
 Volcano: 69 daAuts
